 Dungeon Crawl Stone Soup version 0.21.1-1-g345015f (webtiles) character file.

277 Larett the Covert (level 6, 0/39 HPs)
             Began as an Octopode Assassin on Feb 16, 2018.
             Succumbed to an adder's poison
             ... on level 3 of the Dungeon.
             The game lasted 00:04:15 (2820 turns).

Larett the Covert (Octopode Assassin)               Turns: 2820, Time: 00:04:15

Health: 0/39       AC:  1    Str: 10    XL:     6   Next: 25%
Magic:  6/6        EV: 13    Int: 13    God:
Gold:   39         SH:  0    Dex: 16    Spells: 5/5 levels left

rFire    . . .     SeeInvis .   a - +2 dagger
rCold    . . .     Gourm    .   (no shield)
rNeg     . . .     Faith    .   (helmet restricted)
rPois    .         Spirit   .   (no amulet)
rElec    .         Reflect  .   t - ring of teleportation (curse)
rCorr    .         Harm     .   (no ring)
MR       .....     Rnd*Tele +   (no ring)
Stlth    ++++++....             (no ring)
HPRegen  0.13/turn              (no ring)
MPRegen  0.10/turn              (no ring)
                                (no ring)
                                (no ring)

@: lethally poisoned (0 -> -3)
A: almost no armour, stealthy swim, amphibious, 8 rings, constrict 8, camouflage
1, gelatinous body 1
a: no special abilities


You were on level 3 of the Dungeon.
You were not hungry.

You visited 1 branch of the dungeon, and saw 3 of its levels.

You collected 39 gold pieces.

Inventory:

Hand Weapons
 a - a +2 dagger (weapon)
 q - a +0 blowgun
Missiles
 c - 17 poisoned needles
 d - 2 curare-tipped needles
 r - 18 stones (quivered)
 R - 14 arrows
 X - 22 bolts
 Z - 2 throwing nets {!f}
Jewellery
 t - a cursed ring of teleportation (left tentacle)
Wands
 D - a wand of digging (9)
Scrolls
 s - 5 scrolls of identify {unknown}
 w - a scroll of immolation {unknown}
 T - a scroll of random uselessness {unknown}
 U - a scroll of remove curse {unknown}
 V - a scroll of enchant weapon {unknown}
Potions
 v - a potion of curing {unknown}
 W - 2 potions of might {unknown}
 Y - a potion of heal wounds {unknown}
Comestibles
 f - 8 rations
 S - 2 chunks of flesh


   Skills:
 - Level 2.0 Fighting
 - Level 2.0 Short Blades
 - Level 2.0 Throwing
 + Level 1.0 Dodging
 - Level 10.2 Stealth


You had 5 spell levels left.
You didn't know any spells.

Dungeon Overview and Level Annotations

Branches:
Dungeon (3/15)

Altars:
Cheibriados
Nemelex Xobeh
Wu Jian


Innate Abilities, Weirdness & Mutations

You cannot wear most types of armour.
You are very stealthy in the water. (Stealth+)
You are amphibious.
You can wear up to eight rings at the same time.
You can use your tentacles to constrict eight enemies at once.
Your skin changes colour to match your surroundings (Stealth+).
Your rubbery body absorbs attacks. (AC +1, EV +1)


Message History

* * * LOW HITPOINT WARNING * * *
The adder bites you.
* * * LOW HITPOINT WARNING * * *
You hit Sigmund.
You kill Sigmund!
Training target 10.0 for Stealth reached!
Your Stealth skill gained 2 levels and is now at level 10!
You need to enable at least one skill for training.
You have reached level 6!
Your experience leads to an increase in your attributes!
Increase (S)trength, (I)ntelligence, or (D)exterity?
You feel agile. The adder completely misses you. The adder bites you.
* * * LOW HITPOINT WARNING * * *
You are lethally poisoned!
The adder poisons you!
* * * LOW HITPOINT WARNING * * *
You feel sick.
You die...

#.......## ...##
####.##..## .. .###...
#..##..##########.#
.......
##.###..>..........
.......
#####.####............
.......
#.............<........
.......
#......................
..b....
#.........).<..........
(......
#.............@........
.......
#......................
......#
#...........S..........
......
#......................
.....#
.##....................#
....#
.........................
....
..#........%..........#..
..........)........#.....
.##..##....##......#.....


You could see an adder.

Vanquished Creatures
  Sigmund (D:3)
  A worker ant (D:2)
  3 adders
  3 worms (D:2)
  3 dart slugs (D:1)
  4 leopard geckos (D:1)
  2 orcs (D:3)
  4 bats
  2 giant cockroaches (D:2)
  2 hobgoblins
  5 jackals
  3 ball pythons
  6 frilled lizards
  3 goblins (D:1)
  7 kobolds
  3 rats (D:1)
52 creatures vanquished.

Notes
Turn   | Place    | Note
-------+----------+-------------------------------------------
     0 | D:1      | Larett the Octopode Assassin began the quest for the Orb.
     0 | D:1      | Reached XP level 1. HP: 14/14 MP: 1/1
    84 | D:1      | HP: 1/14 [kobold/short sword (2)]
   491 | D:1      | Reached XP level 2. HP: 17/19 MP: 2/2
   515 | D:1      | Reached skill level 6 in Stealth
   776 | D:1      | Reached XP level 3. HP: 24/24 MP: 3/3
  1112 | D:1      | Reached skill level 7 in Stealth
  1199 | D:1      | Found a snail-covered altar of Cheibriados.
  1301 | D:2      | Found an ornate altar of the Wu Jian Council.
  1558 | D:2      | Reached XP level 4. HP: 29/29 MP: 4/4
  1570 | D:2      | Reached skill level 8 in Stealth
  1636 | D:2      | Found a sparkling altar of Nemelex Xobeh.
  2027 | D:3      | Noticed Sigmund
  2499 | D:3      | HP: 4/29 [orc/mace (3)]
  2701 | D:3      | Reached XP level 5. HP: 25/34 MP: 5/5
  2813 | D:3      | HP: 3/34 [adder (3)]
  2814 | D:3      | Killed Sigmund
  2814 | D:3      | Reached skill level 10 in Stealth
  2814 | D:3      | Reached XP level 6. HP: 3/39 MP: 6/6
  2818 | D:3      | HP: 1/39 [poisoned by an adder]
  2820 | D:3      | Succumbed to an adder's poison

Skill      XL: |  1  2  3  4  5 |
---------------+----------------+-----
Stealth        | 6 7 8 10 | 10.2
Fighting       | |  2.0
Short Blades   | |  2.0
Throwing       | |  2.0
Dodging        | |  1.0

Action                   |  1- 3 |  4- 6 || total
-------------------------+-------+-------++-------
Melee: Dagger            |    68 |    43 ||   111
       Constrict         |    15 |    10 ||    25
       Tentacles         |     5 |     9 ||    14
 Stab: Sleeping          |    12 |     4 ||    16
       Distracted        |       |     1 ||     1
  Eat: Chunk             |     2 |     1 ||     3
       Ration            |       |     1 ||     1
Armor: Skin              |     4 |     3 ||     7
Dodge: Dodged            |    36 |    36 ||    72
